| TOP OF THE 1ST |
|
Bluefield Blue Jays batting - Pitching for Orem Owlz : LHP Jon Ray
|
|
Pitching: LHP Jon Ray
|
|
|
Batting: RHB Jake Bronner
|
0-0: Ball 1-0: Foul Ball, location: 2F 1-1: Foul Ball, location: 2F 1-2: Strikes out looking
|
|
Batting: RHB Jorge Cruz
|
0-0: Called Strike 0-1: SOLO HOME RUN (Flyball, 7LD, EV 94.4 MPH), Distance : 355 ft
|
|
Batting: RHB Mark Noftall
|
0-0: Called Strike 0-1: Ball 1-1: Foul Ball, location: 2F 1-2: Ball 2-2: Ball 3-2: Foul Ball, location: 2F 3-2: Base on Balls
|
|
Batting: RHB Terry Plumley
|
0-0: Ball 1-0: Foul Ball, location: 2F Pickoff Throw to First - Out! 1-3 CS 1-1: Ball 2-1: Foul Ball, location: 2F 2-2: Ball 3-2: Foul Ball, location: 2F 3-2: Base on Balls
|
|
Batting: RHB David Gamez
|
0-0: Fielders Choice at 2nd, 6-4 (Groundball, 6, EV 86.2 MPH)
|
| Top of the 1st over - 1 run, 1 hit, 0 errors, 1 left on base; Bluefield 1 - Orem 0 |
| BOTTOM OF THE 1ST |
|
Orem Owlz batting - Pitching for Bluefield Blue Jays : RHP Andrew Dopp
|
|
Pitching: RHP Andrew Dopp
|
|
|
Batting: RHB Daniel Molina
|
0-0: Fly out, F7 (Line Drive, 7, EV 95.0 MPH)
|
|
Batting: RHB Dan Myers
|
0-0: Ball 1-0: Ground out 1-3 (Groundball, 25, EV 66.2 MPH)
|
|
Batting: LHB Ramon Garduno
|
0-0: Ball 1-0: Foul Ball, location: 2F 1-1: Ball 2-1: Ball 3-1: Foul Ball, location: 2F 3-2: Base on Balls
|
|
Batting: SHB David Vigo
|
0-0: Swinging Strike 0-1: Ball 1-1: Ball 2-1: Ball 3-1: Foul Ball, location: 2F 3-2: Base on Balls Ramon Garduno to second
|
|
Batting: RHB Brendan Garoutte
|
0-0: Ball 1-0: Foul Ball, location: 2F 1-1: Foul Ball, location: 2F 1-2: Foul Ball, location: 2F 1-2: Ball 2-2: Ball 3-2: Base on Balls Ramon Garduno to third David Vigo to second
|
|
Batting: SHB Marty Kuehn
|
0-0: Ball 1-0: Swinging Strike 1-1: SINGLE (Line Drive, 7S, EV 91.9 MPH) Ramon Garduno scores David Vigo to third Brendan Garoutte to second Runner from 3rd tries for Home, throw by LF and OUT! 7-2
|
| Bottom of the 1st over - 1 run, 1 hit, 0 errors, 2 left on base; Bluefield 1 - Orem 1 |
| TOP OF THE 2ND |
|
Bluefield Blue Jays batting - Pitching for Orem Owlz : LHP Jon Ray
|
|
Batting: LHB Ron de Vos
|
0-0: Called Strike 0-1: Ball 1-1: Swinging Strike 1-2: Strikes out swinging
|
|
Batting: RHB Mike Johnson
|
0-0: Hit by Pitch
|
|
Batting: RHB Lao-che Zhu
|
0-0: Ball 1-0: Ball 2-0: Ball 3-0: Fielders Choice at 2nd, 4-6 (Groundball, 4, EV 83.1 MPH)
|
|
Batting: LHB Nate Greening
|
0-0: Swinging Strike 0-1: Called Strike 0-2: Strikes out looking
|
| Top of the 2nd over - 0 runs, 0 hits, 0 errors, 1 left on base; Bluefield 1 - Orem 1 |
| BOTTOM OF THE 2ND |
|
Orem Owlz batting - Pitching for Bluefield Blue Jays : RHP Andrew Dopp
|
|
Batting: LHB Kevin Feldman
|
0-0: Called Strike 0-1: Foul Ball, location: 2F 0-2: Foul Ball, location: 2F 0-2: Ball 1-2: Ball 2-2: Foul Ball, location: 2F 2-2: Strikes out swinging
|
|
Batting: RHB Carlos Gonzales
|
0-0: Ball 1-0: Ball 2-0: Fly out, F8 (Flyball, 8LD, EV 87.5 MPH)
|
|
Batting: RHB Fernando Sosa
|
0-0: Ball 1-0: Foul Ball, location: 2F 1-1: Ball 2-1: Swinging Strike 2-2: Ball 3-2: Strikes out swinging
|
| Bottom of the 2nd over - 0 runs, 0 hits, 0 errors, 0 left on base; Bluefield 1 - Orem 1 |
| TOP OF THE 3RD |
|
Bluefield Blue Jays batting - Pitching for Orem Owlz : LHP Jon Ray
|
|
Batting: RHB Jake Bronner
|
0-0: Swinging Strike 0-1: Ball 1-1: Ball 2-1: Foul Ball, location: 2F 2-2: Ground out U3 (Groundball, 34S, EV 83.1 MPH)
|
|
Batting: RHB Jorge Cruz
|
0-0: Swinging Strike 0-1: Swinging Strike 0-2: Ball 1-2: Ball 2-2: Foul Ball, location: 2F 2-2: Strikes out swinging
|
|
Batting: RHB Mark Noftall
|
0-0: Foul Ball, location: 2F 0-1: Ball 1-1: Ball 2-1: DOUBLE (Line Drive, 78M, EV 85.6 MPH)
|
|
Batting: RHB Terry Plumley
|
0-0: Called Strike 0-1: SINGLE (Flyball, 6D, EV 90.0 MPH) Mark Noftall to third Runner from 3rd tries for Home, SAFE, throw by CF to home
|
|
Batting: RHB David Gamez
|
0-0: Called Strike 0-1: Ground out 5-3 (Groundball, 56S, EV 91.2 MPH)
|
| Top of the 3rd over - 1 run, 2 hits, 0 errors, 1 left on base; Bluefield 2 - Orem 1 |
| BOTTOM OF THE 3RD |
|
Orem Owlz batting - Pitching for Bluefield Blue Jays : RHP Andrew Dopp
|
|
Batting: RHB Daniel Molina
|
0-0: Foul Ball, location: 2F 0-1: Swinging Strike 0-2: Strikes out swinging
|
|
Batting: RHB Dan Myers
|
0-0: Called Strike 0-1: Ball 1-1: Foul Ball, location: 2F 1-2: Ball 2-2: Ball 3-2: Foul Ball, location: 2F 3-2: Fly out, F5 (Line Drive, 56, EV 65.0 MPH)
|
|
Batting: LHB Ramon Garduno
|
0-0: Ball 1-0: Ball 2-0: Called Strike 2-1: Ball 3-1: Called Strike 3-2: Strikes out swinging
|
| Bottom of the 3rd over - 0 runs, 0 hits, 0 errors, 0 left on base; Bluefield 2 - Orem 1 |
| TOP OF THE 4TH |
|
Bluefield Blue Jays batting - Pitching for Orem Owlz : LHP Jon Ray
|
|
Batting: LHB Ron de Vos
|
0-0: Ball 1-0: Ball 2-0: Ball 3-0: Called Strike 3-1: Ground out 4-3 (Groundball, 34, EV 86.2 MPH)
|
|
Batting: RHB Mike Johnson
|
0-0: Ball 1-0: Ball 2-0: Called Strike 2-1: Called Strike 2-2: Ball 3-2: Base on Balls
|
|
Batting: RHB Lao-che Zhu
|
0-0: Ball 1-0: SINGLE (Groundball, 34S, EV 90.6 MPH) (infield hit) Mike Johnson to second
|
|
Pinch Runner at 1st Pete Duncan:
|
|
|
Batting: LHB Nate Greening
|
0-0: Swinging Strike 0-1: Ball 1-1: Called Strike 1-2: Ball 2-2: Strikes out swinging
|
|
Batting: RHB Jake Bronner
|
0-0: Ball 1-0: Ball 2-0: 3-RUN HOME RUN (Flyball, 7D, EV 96.2 MPH), Distance : 371 ft
|
|
Pitching: RHP Arnold Frye
|
|
|
Pinch Hitting: SHB Kevin Watson
|
0-0: Called Strike 0-1: Ball 1-1: Swinging Strike 1-2: Ball 2-2: Ball 3-2: Foul Ball, location: 2F 3-2: Base on Balls
|
|
Batting: RHB Mark Noftall
|
0-0: Foul Ball, location: 2F 0-1: Foul Ball, location: 2F 0-2: Ball 1-2: Ball 2-2: Ball 3-2: Fly out, F9 (Line Drive, 9LS, EV 89.4 MPH)
|
| Top of the 4th over - 3 runs, 2 hits, 0 errors, 1 left on base; Bluefield 5 - Orem 1 |
| BOTTOM OF THE 4TH |
|
Orem Owlz batting - Pitching for Bluefield Blue Jays : RHP Andrew Dopp
|
|
Now at 3B: Pete Duncan
|
|
|
Now at SS: Bobby Roldan
|
|
|
Batting: SHB David Vigo
|
0-0: Foul Ball, location: 2F 0-1: Ground out U3 (Groundball, 3, EV 111.2 MPH)
|
|
Batting: RHB Brendan Garoutte
|
0-0: Ball 1-0: Called Strike 1-1: Swinging Strike 1-2: Foul Ball, location: 2F 1-2: Strikes out swinging
|
|
Batting: SHB Marty Kuehn
|
0-0: Foul Ball, location: 2F 0-1: Ball 1-1: SINGLE (Flyball, 5D, EV 91.9 MPH)
|
|
Batting: LHB Kevin Feldman
|
0-0: Swinging Strike 0-1: DOUBLE (Line Drive, 7LM, EV 101.9 MPH) Marty Kuehn to third Runner from 3rd tries for Home, throw by LF and OUT! 7-6-2
|
| Bottom of the 4th over - 0 runs, 2 hits, 0 errors, 1 left on base; Bluefield 5 - Orem 1 |
| TOP OF THE 5TH |
|
Bluefield Blue Jays batting - Pitching for Orem Owlz : RHP Arnold Frye
|
|
Batting: RHB Terry Plumley
|
0-0: Ball 1-0: Fly out, F6 (Line Drive, 6, EV 65.6 MPH)
|
|
Batting: RHB David Gamez
|
0-0: Called Strike 0-1: Ground out 1-3 (Groundball, 13S, EV 71.2 MPH)
|
|
Batting: LHB Ron de Vos
|
0-0: Ground out 3-1 (Groundball, 34, EV 86.9 MPH)
|
| Top of the 5th over - 0 runs, 0 hits, 0 errors, 0 left on base; Bluefield 5 - Orem 1 |
| BOTTOM OF THE 5TH |
|
Orem Owlz batting - Pitching for Bluefield Blue Jays : RHP Andrew Dopp
|
|
Batting: RHB Carlos Gonzales
|
0-0: Ball 1-0: Ball 2-0: Ball 3-0: Called Strike 3-1: Base on Balls
|
|
Batting: RHB Fernando Sosa
|
0-0: Swinging Strike 0-1: Called Strike 0-2: Ball 1-2: Strikes out swinging
|
|
Batting: RHB Daniel Molina
|
0-0: Ball 1-0: Ball 2-0: Ball 3-0: Base on Balls Carlos Gonzales to second
|
|
Batting: RHB Dan Myers
|
0-0: Foul Ball, location: 2F 0-1: Ball 1-1: Foul Ball, location: 2F 1-2: 3-RUN HOME RUN (Flyball, 9D, EV 101.9 MPH), Distance : 378 ft
|
|
Batting: LHB Ramon Garduno
|
0-0: Called Strike 0-1: Ball 1-1: Ground out 4-3 (Groundball, 4, EV 84.4 MPH)
|
|
Batting: SHB David Vigo
|
0-0: Swinging Strike 0-1: Fly out, F5 (Popup, 56S, EV 56.9 MPH)
|
| Bottom of the 5th over - 3 runs, 1 hit, 0 errors, 0 left on base; Bluefield 5 - Orem 4 |
| TOP OF THE 6TH |
|
Bluefield Blue Jays batting - Pitching for Orem Owlz : RHP Arnold Frye
|
|
Pitching: RHP Victor Padilla
|
|
|
Batting: RHB Mike Johnson
|
0-0: SINGLE (Groundball, 6MD, EV 94.4 MPH)
|
|
Batting: RHB Pete Duncan
|
0-0: DOUBLE (Line Drive, 89M, EV 111.2 MPH) Mike Johnson to third
|
|
Batting: LHB Nate Greening
|
0-0: Ball 1-0: Ball 2-0: Ball 3-0: Base on Balls
|
|
Batting: RHB Jake Bronner
|
0-0: Ball 1-0: SINGLE (Groundball, 6D, EV 96.9 MPH) Mike Johnson scores Pete Duncan to third Nate Greening to second
|
|
Batting: RHB Bobby Roldan
|
0-0: Foul Ball, location: 2F 0-1: Ball 1-1: Grounds into fielders choice 6-2 (Groundball, 6, EV 85.6 MPH) Nate Greening to third Jake Bronner to second
|
|
Batting: RHB Mark Noftall
|
0-0: Ball 1-0: GRAND SLAM HOME RUN (Flyball, 78XD, EV 103.1 MPH), Distance : 428 ft
|
|
Pitching: RHP Jeff Shelton
|
|
|
Batting: RHB Terry Plumley
|
0-0: Ball 1-0: Ball 2-0: Swinging Strike 2-1: Ball 3-1: Foul Ball, location: 2F 3-2: Fly out, F8 (Flyball, 8LXD, EV 93.8 MPH)
|
|
Batting: RHB David Gamez
|
0-0: Called Strike 0-1: Ball 1-1: Foul Ball, location: 2F 1-2: DOUBLE (Line Drive, 9LD, EV 109.4 MPH)
|
|
Batting: LHB Ron de Vos
|
0-0: Ball 1-0: Ball 2-0: Fly out, F5 (Popup, 15S, EV 76.2 MPH)
|
| Top of the 6th over - 5 runs, 5 hits, 0 errors, 1 left on base; Bluefield 10 - Orem 4 |
| BOTTOM OF THE 6TH |
|
Orem Owlz batting - Pitching for Bluefield Blue Jays : RHP Andrew Dopp
|
|
Batting: RHB Brendan Garoutte
|
0-0: Fly out, F9 (Flyball, 9, EV 83.8 MPH)
|
|
Batting: SHB Marty Kuehn
|
0-0: Called Strike 0-1: Called Strike 0-2: Ball 1-2: Ball 2-2: Ground out 4-3 (Groundball, 4D, EV 86.9 MPH)
|
|
Batting: LHB Kevin Feldman
|
0-0: Ground out 4-3 (Groundball, 4MS, EV 66.9 MPH)
|
| Bottom of the 6th over - 0 runs, 0 hits, 0 errors, 0 left on base; Bluefield 10 - Orem 4 |
| TOP OF THE 7TH |
|
Bluefield Blue Jays batting - Pitching for Orem Owlz : RHP Jeff Shelton
|
|
Batting: RHB Mike Johnson
|
0-0: Ball 1-0: SINGLE (Flyball, 5D, EV 93.1 MPH)
|
|
Batting: RHB Pete Duncan
|
0-0: Ball 1-0: Ball 2-0: Ball 3-0: Called Strike 3-1: Foul Ball, location: 2F 3-2: Fly out, F7 (Flyball, 7D, EV 90.0 MPH)
|
|
Pitching: LHP Yee Koh
|
|
|
Batting: LHB Nate Greening
|
0-0: Foul Ball, location: 2F 0-1: Called Strike 0-2: Strikes out swinging
|
|
Batting: RHB Jake Bronner
|
0-0: Fly out, F8 (Line Drive, 8RD, EV 92.5 MPH)
|
| Top of the 7th over - 0 runs, 1 hit, 0 errors, 1 left on base; Bluefield 10 - Orem 4 |
| BOTTOM OF THE 7TH |
|
Orem Owlz batting - Pitching for Bluefield Blue Jays : RHP Andrew Dopp
|
|
Pinch Hitting: LHB Bill Girton
|
0-0: Ball 1-0: Ball 2-0: Ball 3-0: Called Strike 3-1: Foul Ball, location: 2F 3-2: Base on Balls
|
|
Pitching: RHP Jordan Wyatt
|
|
|
Batting: RHB Fernando Sosa
|
0-0: Foul Ball, location: 2F 0-1: Swinging Strike 0-2: Strikes out looking
|
|
Batting: RHB Daniel Molina
|
0-0: Called Strike Bill Girton is caught stealing 2nd base 2-4 0-1: Foul Ball, location: 2F 0-2: Hit by Pitch
|
|
Batting: RHB Dan Myers
|
0-0: Ball Wild Pitch! Daniel Molina to second 1-0: Ball Wild Pitch! Daniel Molina to third 2-0: Foul Ball, location: 2F 2-1: Foul Ball, location: 2F 2-2: Strikes out swinging
|
| Bottom of the 7th over - 0 runs, 0 hits, 0 errors, 1 left on base; Bluefield 10 - Orem 4 |
| TOP OF THE 8TH |
|
Bluefield Blue Jays batting - Pitching for Orem Owlz : LHP Yee Koh
|
|
Now in LF: Bill Girton
|
|
|
Now in CF: Dan Myers
|
|
|
Batting: RHB Bobby Roldan
|
0-0: Foul Ball, location: 2F 0-1: Ground out 5-3 (Groundball, 5, EV 80.6 MPH)
|
|
Batting: RHB Mark Noftall
|
0-0: Ball 1-0: Ball 2-0: Called Strike 2-1: Ball 3-1: Base on Balls
|
|
Batting: RHB Terry Plumley
|
0-0: Called Strike 0-1: Called Strike Mark Noftall steals 2nd base 0-2: Hit by Pitch
|
|
Batting: RHB David Gamez
|
0-0: Ball 1-0: Ball 2-0: Foul Ball, location: 2F 2-1: SINGLE (Groundball, 34D, EV 96.2 MPH) Mark Noftall to third Terry Plumley to second Runner from 3rd tries for Home, SAFE, throw by RF to home
|
|
Pitching: RHP Kunihiro Sasaki
|
|
|
Batting: LHB Ron de Vos
|
0-0: Called Strike 0-1: Fielders Choice at 2nd, 3-6 (Groundball, 3, EV 100.0 MPH) Terry Plumley to third
|
|
Batting: RHB Mike Johnson
|
0-0: Reached on error, E6 (Groundball, 56, EV 99.4 MPH) Terry Plumley scores Ron de Vos to second
|
|
Batting: RHB Pete Duncan
|
0-0: Called Strike 0-1: Ball 1-1: Foul Ball, location: 2F 1-2: Foul Ball, location: 2F 1-2: Ball 2-2: Foul Ball, location: 2F 2-2: Foul Ball, location: 2F 2-2: Foul Ball, location: 2F 2-2: Foul Ball, location: 2F 2-2: Ball 3-2: Base on Balls Ron de Vos to third Mike Johnson to second
|
|
Batting: LHB Nate Greening
|
0-0: Ball Wild Pitch! Ron de Vos scores Mike Johnson to third Pete Duncan to second 1-0: Swinging Strike 1-1: Foul Ball, location: 2F 1-2: Ball 2-2: Strikes out swinging
|
| Top of the 8th over - 3 runs, 1 hit, 1 error, 2 left on base; Bluefield 13 - Orem 4 |
| BOTTOM OF THE 8TH |
|
Orem Owlz batting - Pitching for Bluefield Blue Jays : RHP Jordan Wyatt
|
|
Batting: LHB Ramon Garduno
|
0-0: Ball 1-0: Ball 2-0: Foul Ball, location: 2F 2-1: Swinging Strike 2-2: Ball 3-2: Base on Balls
|
|
Batting: SHB David Vigo
|
0-0: Ball 1-0: Ball 2-0: SINGLE (Groundball, 34S, EV 68.1 MPH) (infield hit) Ramon Garduno to second
|
|
Batting: RHB Brendan Garoutte
|
0-0: DOUBLE (Flyball, 89D, EV 101.9 MPH) Ramon Garduno scores David Vigo to third
|
|
Batting: SHB Marty Kuehn
|
0-0: Ball 1-0: Called Strike 1-1: Ball 2-1: Swinging Strike 2-2: Strikes out looking
|
|
Pinch Hitting: RHB Brian Spry
|
0-0: Ball 1-0: Ground out U3 (Groundball, 13, EV 80.6 MPH) David Vigo scores Brendan Garoutte to third
|
|
Batting: LHB Bill Girton
|
0-0: Called Strike 0-1: Foul Ball, location: 2F 0-2: Strikes out looking
|
| Bottom of the 8th over - 2 runs, 2 hits, 0 errors, 1 left on base; Bluefield 13 - Orem 6 |
| TOP OF THE 9TH |
|
Bluefield Blue Jays batting - Pitching for Orem Owlz : RHP Kunihiro Sasaki
|
|
Pitching: RHP Nick Kempson
|
|
|
Now in RF: Aaron Bryant
|
|
|
Batting: RHB Jake Bronner
|
0-0: Ball 1-0: Called Strike 1-1: Ball 2-1: Swinging Strike 2-2: Ball 3-2: Foul Ball, location: 2F 3-2: Strikes out swinging
|
|
Batting: RHB Bobby Roldan
|
0-0: Ball 1-0: Swinging Strike 1-1: Foul Ball, location: 2F 1-2: Strikes out swinging
|
|
Batting: RHB Mark Noftall
|
0-0: Ball 1-0: Ball 2-0: Foul Ball, location: 2F 2-1: Ball 3-1: Base on Balls
|
|
Batting: RHB Terry Plumley
|
0-0: Ball 1-0: Foul Ball, location: 2F 1-1: Called Strike Mark Noftall steals 2nd base 1-2: Ball 2-2: Foul Ball, location: 2F 2-2: Fly out, F9 (Flyball, 89M, EV 83.8 MPH)
|
| Top of the 9th over - 0 runs, 0 hits, 0 errors, 1 left on base; Bluefield 13 - Orem 6 |
| BOTTOM OF THE 9TH |
|
Orem Owlz batting - Pitching for Bluefield Blue Jays : RHP Jordan Wyatt
|
|
Pinch Hitting: LHB Alberto Carrillo
|
0-0: Swinging Strike 0-1: Called Strike 0-2: Foul Ball, location: 2F 0-2: Ball 1-2: Ball 2-2: DOUBLE (Groundball, 3L, EV 105.0 MPH)
|
|
Batting: RHB Daniel Molina
|
0-0: Called Strike 0-1: Foul Ball, location: 2F 0-2: Ball 1-2: Ball 2-2: Foul Ball, location: 2F 2-2: Ball 3-2: Strikes out swinging
|
|
Pitching: RHP Dave Vandehey
|
|
|
Batting: RHB Dan Myers
|
0-0: Ball 1-0: Foul Ball, location: 2F 1-1: Foul Ball, location: 2F 1-2: Ground out 4-3 (Groundball, 4D, EV 88.8 MPH) Alberto Carrillo to third
|
|
Batting: LHB Ramon Garduno
|
0-0: Ball 1-0: Ground out 2-3 (Groundball, 15S, EV 65.6 MPH)
|
| Bottom of the 9th over - 0 runs, 1 hit, 0 errors, 1 left on base; Bluefield 13 - Orem 6 |
|